Map: Battle on the Boardwalk LE

Players

ShoWTimE - Winner!

  • Race: Protoss Protoss
  • League: Grandmaster
  • Spawn Location: 11:00

Namshar

  • Race: Zerg Zerg
  • League: Master
  • Spawn Location: 1:00

Event: WESG Barcelona European Finals 2017

VOD

Have the link to the VOD?

Description

Time

  • Played on: Nov. 25, 2017, 10:39 a.m.
  • Length: 19:13

All games in this series

Show
View Real Time Build Order
Export as new Build Order

ShoWTimE Protoss - Winner!

Build Orders: 1 Gate Expand, Oracle Opening, Phoenix Opening, Carriers 

Get SALT Encoding   

  12  0:00  Probe  
  13  0:12  Probe  
  14  0:17  Pylon  
  14  0:24  Probe (Chrono Boost)  
  15  0:36  Probe (Chrono Boost)  
  15  0:38  Assimilator  
  17  0:46  Probe (Chrono Boost)  
  17  0:48  Gateway  
  17  0:51  Probe  
  18  1:03  Probe (Chrono Boost)  
  20  1:15  Probe (Chrono Boost)  
  20  1:25  Nexus  
  20  1:37  Cybernetics Core  
  20  1:38  Probe  
  21  1:43  Assimilator  
  21  1:50  Probe  
  21  1:53  Pylon  
  22  2:02  Probe  
  23  2:13  Adept (Chrono Boost)  
  23  2:14  Probe  
  26  2:20  Stargate  
  26  2:26  Probe  
  26  2:27  Warp Gate  
  27  2:32  Adept  
  29  2:37  Probe  
  29  2:40  Probe  
  31  2:49  Probe  
  32  2:54  Probe  
  33  3:00  Adept  
  33  3:01  Probe  
  33  3:04  Oracle (Chrono Boost)  
  39  3:07  Probe  
  39  3:09  Pylon  
  40  3:14  Probe  
  40  3:19  Probe  
  42  3:20  Gateway  
  42  3:27  Probe  
  42  3:30  Phoenix  
  42  3:31  Probe  
  46  3:37  Gateway  
  46  3:39  Probe, Pylon  
  47  3:43  Probe  
  48  3:48  Twilight Council  
  48  3:51  Shield Battery  
  48  3:52  Probe  
  49  3:56  Probe, Pylon  
  50  4:04  Probe  
  50  4:07  Assimilator  
  50  4:08  Probe  
  52  4:10  Assimilator  
  52  4:16  Probe  
  53  4:21  Probe  
  54  4:28  Resonating Glaives (Chrono Boost), Probe  
  55  4:32  Nexus  
  55  4:35  Adept x2  
  55  4:37  Adept, Pylon  
  61  4:42  Pylon  
  61  4:43  Probe  
  61  4:44  Probe  
  63  4:53  Pylon  
  63  4:55  Probe  
  63  4:56  Probe  
  65  5:02  Adept x2, Shield Battery  
  65  5:03  Adept  
  71  5:07  Probe  
  71  5:08  Probe  
  73  5:20  Robotics Facility, Probe x2  
  75  5:23  Forge  
  75  5:27  Adept x2  
  75  5:28  Adept  
  81  5:32  Probe x2  
  81  5:44  Probe x3  
  81  5:47  Protoss Ground Weapons Level 1 (Chrono Boost)  
  78  5:50  Adept x2  
  78  5:51  Adept  
  78  5:56  Shield Battery, Probe x3  
  79  5:57  Pylon  
  79  6:08  Probe x3  
  79  6:10  Robotics Bay, Observer (Chrono Boost)  
  83  6:11  Blink  
  83  6:19  Sentry x2  
  83  6:20  Sentry, Probe x2  
  83  6:21  Probe  
  90  6:30  Assimilator  
  90  6:32  Probe  
  87  6:34  Assimilator  
  87  6:38  Gateway  
  87  6:39  Gateway  
  82  6:42  Gateway  
  82  6:43  Immortal (Chrono Boost)  
  84  6:48  Sentry, Stalker x2  
  84  6:52  Gateway  
  90  6:54  Photon Cannon, Gateway  
  90  7:05  Pylon  
  96  7:09  Shield Battery  
  96  7:11  Colossus (Chrono Boost), Shield Battery  
  96  7:12  Shield Battery  
  96  7:15  Photon Cannon  
  96  7:16  Shield Battery  
  96  7:18  Shield Battery, Extended Thermal Lance  
  96  7:19  Sentry  
  96  7:20  Stalker  
  100  7:23  Stalker  
  100  7:29  Pylon  
  102  7:33  Protoss Ground Weapons Level 2 (Chrono Boost)  
  102  7:37  Colossus (Chrono Boost)  
  102  7:49  Gateway  
  102  7:50  Gateway  
  108  7:57  Stalker x4  
  108  7:58  Stalker  
  116  8:02  Forge  
  116  8:14  Charge (Chrono Boost)  
  116  8:17  Nexus  
  116  8:18  Pylon  
  116  8:22  Pylon  
  116  8:26  Templar Archives  
  116  8:32  Colossus (Chrono Boost)  
  122  8:37  Protoss Ground Armor Level 1 (Chrono Boost), Probe x3  
  125  8:44  Photon Cannon x2  
  125  8:45  Psionic Storm  
  125  8:46  Photon Cannon  
  125  8:49  Shield Battery  
  125  8:50  Photon Cannon, Shield Battery  
  125  8:55  Zealot x2  
  127  8:59  Zealot x2  
  133  9:09  Oracle  
  130  9:16  Warp Prism  
  135  9:20  Pylon  
  135  9:23  Assimilator  
  135  9:26  Zealot  
  135  9:27  Zealot x4  
  135  9:28  Assimilator  
  145  9:34  High Templar x4  
  153  9:50  Zealot x3  
  153  9:51  Zealot  
  161  9:53  Fleet Beacon  
  161  10:02  Stargate  
  161  10:03  Stargate  
  161  10:12  Protoss Ground Weapons Level 3 (Chrono Boost), Pylon  
  161  10:13  Pylon  
  161  10:16  Pylon  
  161  10:18  Zealot x4  
  163  10:31  Zealot x5  
  177  10:48  Carrier (Chrono Boost)  
  173  10:51  Carrier (Chrono Boost)  
  173  10:57  Mothership (Chrono Boost)  
  173  11:03  Carrier  
  182  11:31  Protoss Air Weapons Level 1 (Chrono Boost)  
  182  11:33  High Templar x2  
  182  11:36  High Templar, Nexus  
  182  11:37  High Templar, Pylon  
  182  11:39  Pylon  
  166  11:53  Protoss Ground Armor Level 2  
  162  11:59  Zealot x3  
  168  12:05  Zealot x2  
  172  12:08  Carrier x2  
  172  12:14  Zealot  
  186  12:20  Photon Cannon  
  186  12:21  Photon Cannon  
  184  12:23  Shield Battery  
  184  12:24  Shield Battery  
  184  12:30  High Templar x2, Carrier  
  184  12:34  Zealot x2  
  183  12:52  Cybernetics Core  
  183  12:53  Zealot x4  
  179  13:06  Zealot  
  179  13:07  Zealot x4  
  179  13:10  Observer (Chrono Boost)  
  172  13:15  Zealot x3  
  176  13:23  Zealot  
  176  13:30  Protoss Air Weapons Level 2 (Chrono Boost)  
  176  13:31  Observer (Chrono Boost)  
  171  13:34  Carrier (Chrono Boost)  
  171  13:39  Probe x2  
  171  13:40  Probe x2  
  167  13:44  Carrier (Chrono Boost)  
  167  13:45  High Templar x4  
  155  13:56  Carrier (Chrono Boost)  
  155  14:05  Graviton Catapult (Chrono Boost)  
  155  14:06  Zealot x4  
  155  14:09  Observer (Chrono Boost)  
  156  14:19  High Templar x3  
  156  14:30  Assimilator  
  156  14:34  Assimilator  
  157  14:38  Observer (Chrono Boost)  
  156  14:49  Zealot x4  
  156  14:50  Carrier  
  160  15:13  Carrier  
  154  15:20  Observer  
  155  15:24  Mothership (Chrono Boost)  
  161  15:32  Protoss Shields Level 1 (Chrono Boost)  
  161  15:43  Protoss Air Weapons Level 3 (Chrono Boost)  
  161  15:44  Pylon  
  161  16:01  High Templar x4  
  169  16:08  Oracle  
  172  16:20  Nexus  
  172  16:24  Pylon  
  172  16:28  Shield Battery  
  172  16:31  Shield Battery  
  172  16:33  Shield Battery  
  172  16:34  Shield Battery  
  177  16:50  Carrier (Chrono Boost)  
  177  17:03  Carrier (Chrono Boost)  
  177  17:08  Zealot  
  185  17:15  Assimilator  
  185  17:19  Assimilator  
  185  17:45  Oracle (Chrono Boost)  
  188  17:57  High Templar x3  
  192  18:18  Observer (Chrono Boost)  
  191  18:33  Observer (Chrono Boost)  
  192  18:39  Archon  
  196  18:46  Archon  
  190  18:56  Zealot x5  
Show
View Real Time Build Order
Export as new Build Order

Namshar Zerg 

Build Orders: Hatch First, Lurkers 

Get SALT Encoding   

  12  0:00  Drone  
  13  0:12  Overlord  
  13  0:16  Drone  
  14  0:30  Drone x2  
  16  0:48  Hatchery  
  15  0:51  Drone  
  15  0:55  Drone  
  17  0:59  Drone  
  18  1:09  Extractor  
  17  1:14  Spawning Pool  
  17  1:17  Drone  
  17  1:21  Drone  
  18  1:27  Drone  
  19  1:38  Overlord  
  19  1:50  Drone  
  20  2:00  Queen  
  23  2:01  Queen, Zergling x2  
  23  2:03  Drone  
  26  2:10  Metabolic Boost  
  26  2:11  Drone  
  26  2:13  Drone  
  28  2:22  Drone x2  
  30  2:34  Drone x2  
  32  2:41  Hatchery  
  31  2:45  Drone  
  32  2:53  Overlord  
  32  2:55  Zergling x4  
  33  3:05  Queen  
  33  3:06  Overlord  
  33  3:12  Drone x3  
  38  3:13  Drone x2  
  38  3:14  Drone  
  38  3:17  Drone  
  42  3:21  Drone  
  42  3:26  Drone  
  44  3:30  Drone  
  44  3:33  Spore Crawler  
  44  3:35  Spore Crawler  
  44  3:37  Drone  
  44  3:40  Lair  
  44  3:43  Queen  
  44  3:45  Drone x2  
  48  3:48  Drone  
  48  3:54  Overlord  
  49  3:57  Spore Crawler  
  48  4:06  Drone x3  
  48  4:07  Drone x2  
  48  4:08  Drone  
  48  4:09  Extractor  
  53  4:11  Extractor  
  53  4:14  Overlord  
  53  4:15  Drone x4  
  56  4:21  Drone  
  56  4:22  Overlord  
  56  4:23  Overlord  
  57  4:26  Overlord  
  57  4:34  Evolution Chamber  
  56  4:39  Drone  
  56  4:40  Hydralisk Den  
  56  4:41  Drone x5  
  56  4:42  Extractor  
  60  4:51  Overlord x2  
  60  4:54  Drone x5  
  65  5:09  Muscular Augments  
  65  5:12  Zergling x16  
  73  5:24  Zergling x8  
  73  5:25  Zergling x14  
  82  5:48  Drone  
  82  5:49  Drone x6  
  83  5:54  Zerg Missile Weapons Level 1  
  80  6:02  Hatchery  
  80  6:03  Drone  
  80  6:05  Hydralisk  
  80  6:06  Extractor, Hydralisk x6  
  80  6:08  Pneumatized Carapace  
  84  6:23  Hydralisk x3  
  87  6:29  Hydralisk  
  87  6:31  Drone x3  
  87  6:32  Drone  
  88  6:34  Drone x3  
  90  6:42  Hydralisk x2  
  90  6:43  Zergling x6  
  97  6:54  Overlord x3  
  97  6:55  Overlord x2  
  97  7:00  Extractor  
  96  7:05  Drone  
  96  7:07  Lurker Den  
  96  7:11  Drone x2  
  98  7:16  Drone x2  
  98  7:19  Queen  
  102  7:24  Drone x11  
  113  7:43  Drone  
  110  7:45  Extractor, Drone x6, Infestation Pit  
  110  7:46  Extractor, Drone x3  
  110  7:47  Spore Crawler  
  104  7:58  Drone x3  
  104  7:59  Drone x6  
  104  8:04  Zerg Missile Weapons Level 2  
  112  8:06  Drone  
  112  8:08  Evolution Chamber  
  112  8:17  Drone  
  112  8:19  Hatchery  
  112  8:20  Queen  
  112  8:21  Hydralisk  
  112  8:22  Hydralisk x3  
  112  8:26  Hive  
  122  8:33  Lurker x6  
  128  8:36  Overseer  
  128  8:38  Zerg Ground Armor Level 1  
  128  8:50  Hydralisk x4  
  128  8:53  Hatchery, Lurker x2  
  137  9:06  Overlord x6  
  136  9:10  Hydralisk x3  
  142  9:26  Overlord x2  
  142  9:28  Hydralisk x6  
  142  9:29  Hydralisk x3  
  160  9:34  Spire  
  159  9:38  Lurker  
  159  9:39  Lurker  
  159  9:42  Adaptive Talons  
  159  9:44  Hydralisk x2, Zergling x2  
  159  9:45  Zergling x6  
  169  10:03  Queen  
  171  10:09  Spine Crawler  
  171  10:10  Spine Crawler x2  
  171  10:11  Drone x2  
  170  10:15  Spine Crawler  
  170  10:18  Lurker  
  170  10:19  Lurker x3  
  171  10:22  Hydralisk x9  
  187  10:39  Drone x3  
  185  10:52  Greater Spire  
  183  11:14  Zerg Ground Armor Level 2, Zerg Missile Weapons Level 3  
  177  11:22  Corruptor  
  177  11:23  Corruptor x6  
  188  11:45  Hatchery  
  177  12:05  Brood Lord x6  
  189  12:11  Brood Lord  
  190  12:20  Zergling x2, Overseer  
  190  12:21  Zergling x16  
  199  12:37  Extractor  
  199  12:39  Extractor  
  199  12:40  Overseer  
  199  12:41  Overseer  
  152  13:14  Hydralisk x16  
  167  13:38  Hydralisk  
  167  13:39  Hydralisk x7  
  173  13:47  Spawning Pool  
  166  13:56  Hydralisk x5  
  166  13:57  Hydralisk x10  
  166  14:01  Hydralisk x2  
  179  14:26  Hatchery  
  179  14:27  Drone x7  
  185  14:33  Lair  
  175  14:54  Hatchery  
  160  15:13  Hydralisk  
  160  15:14  Hydralisk x17  
  152  15:24  Hydralisk  
  152  15:25  Hydralisk x2  
  152  15:28  Queen  
  152  15:29  Queen  
  152  15:32  Overlord  
  152  15:33  Hydralisk x3  
  152  15:34  Hive  
  162  15:36  Zerg Melee Weapons Level 1  
  162  15:41  Burrow, Pathogen Glands  
  162  15:42  Drone x3  
  165  15:46  Drone x2  
  165  15:48  Extractor  
  165  15:49  Hydralisk  
  166  15:50  Hydralisk x5  
  178  15:57  Overseer  
  178  15:58  Overseer  
  178  15:59  Hydralisk  
  178  16:00  Hydralisk x2  
  178  16:02  Lurker  
  185  16:07  Hydralisk x2  
  189  16:15  Drone  
  189  16:16  Drone x3  
  189  16:17  Drone  
  189  16:18  Drone x2  
  196  16:29  Infestor  
  196  16:30  Infestor  
  200  16:38  Neural Parasite  
  191  16:49  Infestor x3  
  191  16:50  Hydralisk  
  191  16:51  Hydralisk x4  
  185  16:56  Overlord  
  185  16:57  Overlord  
  185  16:58  Infestor  
  185  17:06  Infestor  
  185  17:10  Spore Crawler, Extractor x2  
  185  17:11  Drone x3  
  185  17:12  Overlord x2, Drone  
  185  17:13  Overlord x2  
  185  17:15  Spore Crawler  
  185  17:24  Spore Crawler  
  185  17:26  Spore Crawler  
  168  17:36  Infestor  
  168  17:37  Infestor x3  
  160  17:51  Overseer x2  
  158  17:55  Spore Crawler  
  158  17:56  Infestor x2  
  158  17:57  Spore Crawler x2  
  151  18:17  Infestor x4  
  152  18:21  Hydralisk x3  
  155  18:34  Hydralisk x3  
  146  18:44  Hydralisk x2  
Tags
 
Add a new tag
Caveats
  • Supply blocks, unpowered buildings, or Contaminate may cause inaccurate times.
  • Supply counts are checked every 10 seconds.